 Dungeon Crawl Stone Soup version 0.21-a0-95-g06f091e (webtiles) character file.

665 grindst0ne the Transmogrifier (level 7, -4/43 HPs)
             Began as a Merfolk Transmuter on July 4, 2017.
             Was an Initiate of Makhleb.
             Killed by divine providence
             ... invoked by an orc priest
              (14 damage)
             ... on level 5 of the Dungeon.
             The game lasted 00:08:39 (6058 turns).

grindst0ne the Transmogrifier (Merfolk Transmuter)  Turns: 6058, Time: 00:08:40

Health: -4/43      AC:  2    Str: 12    XL:     7   Next: 57%
Magic:  8/10       EV: 21    Int: 11    God:    Makhleb [......]
Gold:   117        SH:  0    Dex: 19    Spells: 4/10 levels left

rFire    . . .     SeeInvis .     - Unarmed
rCold    . . .     Gourm    .   (shield currently unavailable)
rNeg     . . .     Faith    .   (armour currently unavailable)
rPois    x         Spirit   .   (helmet currently unavailable)
rElec    .         Reflect  .   (cloak currently unavailable)
rCorr    .         Harm     .   (gloves currently unavailable)
MR       .....                  (boots currently unavailable)
Stlth    ++........             (no amulet)
HPRegen  0.14/turn              (no ring)
MPRegen  0.12/turn              (no ring)

@: spider-form (expiring)
A: (change form in water), (swift swim), (stealthy swim), dopey 1, frail 1
a: End Transformation, Renounce Religion


You were on level 5 of the Dungeon.
You worshipped Makhleb.
Makhleb was noncommittal.
You were not hungry.
You were a venomous arachnid creature.
You visited 1 branch of the dungeon, and saw 5 of its levels.

You collected 213 gold pieces.
You spent 96 gold pieces at shops.

Inventory:

Missiles
 a - 12 arrows
Armour
 b - a +0 robe (melded)
Jewellery
 l - an uncursed ring of flight {unknown}
 p - a +2 ring of evasion {unknown}
Wands
 s - a wand of flame (23/48)
Scrolls
 e - a scroll of teleportation {unknown}
 f - 5 scrolls of remove curse {unknown}
 m - 2 scrolls of identify {unknown}
Potions
 g - a potion of curing
 j - a potion of agility
 k - a potion of might
 q - a potion of resistance {unknown}
 r - a potion of brilliance {unknown}
Books
 c - a book of Changes

   Spells                             Type                      Level
   a - Beastly Appendage              Transmutation                1
   b - Sticks to Snakes               Transmutation                2
   c - Spider Form                    Transmutation/Poison         3
   d - Ice Form                       Ice/Transmutation            4
   e - Blade Hands                    Transmutation                5
Comestibles
 d - a bread ration
 h - 4 meat rations
 i - a fruit
 o - 2 royal jellies


   Skills:
 - Level 1.1 Fighting
 - Level 2.6 Dodging
 + Level 5.9 Unarmed Combat
 - Level 2.0 Spellcasting
 * Level 9.1 Transmutations


You had 4 spell levels left.
You knew the following spells:

 Your Spells              Type           Power        Failure   Level  Hunger
a - Beastly Appendage     Tmut           ###...       4%          1    ##.....
b - Spider Form           Tmut/Pois      ##........   32%         3    ####...
c - Sticks to Snakes      Tmut           ###.....     5%          2    ###....


Dungeon Overview and Level Annotations

Branches:
Dungeon (5/15)
 Temple: D:4-7

Altars:
Ashenzari
Makhleb
Vehumet
Wu Jian

Shops:
D:4 %!


Innate Abilities, Weirdness & Mutations

((You revert to your normal form in water.))
((You are very nimble and swift while swimming.))
((You are very stealthy in the water. (Stealth+)))
((You have a pair of small horns on your head.))
((You are partially covered in thin metallic scales. (AC +2)))
You are dopey. (Int -2)
You are frail. (-10% HP)


Message History

The orc priest looks satisfied for a moment.
Found 11 gold pieces.
The orc priest closely misses you.
You barely miss the orc priest. The orc priest barely misses you.
You hit the orc priest but do no damage.
Your transformation is almost over.
The orc priest completely misses you.
You hit the orc priest.
The orc priest is poisoned.
The orc priest is lightly wounded.
The orc priest hits you.
* * * LOW HITPOINT WARNING * * *
You hit the orc priest but do no damage.
The orc priest looks as sick as possible!
The orc priest is lightly wounded.
The orc priest invokes the aid of Beogh against you.
Pain shoots through your body!
* * * LOW HITPOINT WARNING * * *
The orc priest mumbles some strange prayers to Beogh against you.
Beogh smites you!
You die...

....>.#
##.##..#
#....##
####.##
#....
#..#
.....
#.##
..#. #.#
#.# #.#
#)# #s#
#.# #o#
#.# #..
... .#..
. $. ##
...


You could see an orc priest.

Vanquished Creatures
  The ghost of grindst0ne the Chucker, an amateur OgHu of Okawaru (D:3)
  Edmund (D:4)
  A hound (D:4)
  4 orc wizards
  Terence (D:3)
  A worker ant (D:4)
  2 adders
  3 oozes
  An adder skeleton (D:4)
  3 worms
  4 dart slugs
  A leopard gecko (D:1)
  6 orcs
  2 ball pythons
  7 bats
  5 giant cockroaches
  13 goblins
  5 hobgoblins
  7 jackals
  3 quokkas
  3 frilled lizards
  15 kobolds
  A quokka skeleton (D:4)
  5 rats
95 creatures vanquished.

Vanquished Creatures (collateral kills)
  An adder (D:4)
  An orc (D:4)
  A bat (D:2)
  A giant cockroach (D:4)
4 creatures vanquished.

Grand Total: 99 creatures vanquished

Notes
Turn   | Place    | Note
-------+----------+-------------------------------------------
     0 | D:1      | grindst0ne the Merfolk Transmuter began the quest for the Orb.
     0 | D:1      | Reached XP level 1. HP: 15/15 MP: 3/3
   139 | D:1      | Reached skill level 3 in Transmutations
   346 | D:1      | Reached XP level 2. HP: 7/21 MP: 5/5
  1044 | D:1      | Reached XP level 3. HP: 23/26 MP: 4/6
  1094 | D:1      | Reached skill level 4 in Transmutations
  1112 | D:1      | Learned a level 3 spell: Spider Form
  1115 | D:1      | Learned a level 2 spell: Sticks to Snakes
  1968 | D:1      | Reached XP level 4. HP: 31/32 MP: 3/7
  2684 | D:2      | Reached skill level 5 in Transmutations
  3046 | D:2      | Found an ornate altar of the Wu Jian Council.
  3689 | D:3      | Reached XP level 5. HP: 37/37 MP: 4/8
  3842 | D:3      | Found a burning altar of Makhleb.
  3842 | D:3      | Noticed an Executioner
  3948 | D:3      | Noticed a neqoxec
  3948 | D:3      | Noticed a ynoxinul
  3950 | D:3      | Became a worshipper of Makhleb the Destroyer
  4018 | D:3      | Noticed grindst0ne's ghost (amateur OgHu)
  4176 | D:3      | Gained mutation: You are frail. (-10% HP) [potion of mutation]
  4176 | D:3      | Gained mutation: You are partially covered in thin metallic scales. (AC +2) [potion of mutation]
  4176 | D:3      | Gained mutation: You are dopey. (Int -2) [potion of mutation]
  4176 | D:3      | Gained mutation: You have a pair of small horns on your head. [potion of mutation]
  4186 | D:3      | Killed grindst0ne's ghost
  4186 | D:3      | Reached skill level 5 in Unarmed Combat
  4186 | D:3      | Reached skill level 7 in Transmutations
  4186 | D:3      | Reached XP level 6. HP: 37/38 MP: 3/9
  4431 | D:3      | Noticed Terence
  4444 | D:3      | Killed Terence
  4847 | D:4      | Found Fylel's Distillery.
  4853 | D:4      | Bought a potion of agility for 48 gold pieces
  4853 | D:4      | Bought a potion of might for 48 gold pieces
  4912 | D:4      | Reached skill level 8 in Transmutations
  4912 | D:4      | Reached XP level 7. HP: 41/43 MP: 6/10
  4958 | D:4      | Found a shattered altar of Ashenzari.
  4961 | D:4      | Found Miqil's Distillery.
  5272 | D:4      | Found Esoaw's Food Emporium.
  5727 | D:4      | Noticed Edmund
  5752 | D:4      | Killed Edmund
  5896 | D:5      | Entered Level 5 of the Dungeon
  5896 | D:5      | Found a radiant altar of Vehumet.
  6049 | D:5      | Reached skill level 9 in Transmutations
  6058 | D:5      | Killed from afar by an orc priest

Vault maps used:
D:1:      onia_arrival_mini_maze
D:2:      lemuel_round_altar
D:3:      makhleb_altar_promises_db, uniq_terence
D:4:      cheibrodos_ashenzari_chains, serial_shops, nicolae_shop_behind_doors,
          nicolae_shop_stone, shop, kennysheep_generic_room_4, uniq_edmund
D:5:      lemuel_crystal_altar, vehumet_altar_wand_db, grunt_qazlal_sundering,
          minmay_temple_entry_from_below_a, first_bread,
          nemelex_spade_bored_becter, uniq_duvessa, uniq_grinder

Skill      XL: |  1  2  3  4  5  6  7 |
---------------+----------------------+-----
Transmutations | 3 4 5 7 8 9 |  9.1
Unarmed Combat | 4 5 |  5.9
Fighting       | |  1.1
Dodging        | |  2.6
Spellcasting   | |  2.0

Action                   |  1- 3 |  4- 6 |  7- 9 || total
-------------------------+-------+-------+-------++-------
Melee: Unarmed           |   101 |   137 |    45 ||   283
       Headbutt          |     6 |       |     1 ||     7
       Punch             |     1 |     2 |     1 ||     4
 Cast: Beastly Appendage |    10 |       |       ||    10
       Spider Form       |     7 |    27 |     8 ||    42
       Sticks to Snakes  |     1 |     4 |     4 ||     9
  Use: Potion            |     1 |     4 |       ||     5
 Stab: Sleeping          |       |     1 |       ||     1
       Distracted        |       |     1 |     1 ||     2
  Eat: Chunk             |     5 |    13 |     6 ||    24
Armor: Robe              |    13 |    17 |     2 ||    32
       Skin              |     2 |     8 |     2 ||    12
Dodge: Dodged            |    65 |   128 |    21 ||   214
